 Dungeon Crawl Stone Soup version 0.19.1 (webtiles) character file.

178 Krapule the Insei (level 5, -1/34 HPs)
             Began as an Octopode Transmuter on Dec 1, 2016.
             Slain by Crazy Yiuf
             ... wielding a +3 quarterstaff of chaos
              (5 damage)
             ... on level 3 of the Dungeon.
             The game lasted 00:08:29 (3033 turns).

Krapule the Insei (Octopode Transmuter)             Turns: 3033, Time: 00:08:35

Health: -1/34      AC:  1    Str:  7    XL:     5   Next: 58%
Magic:  4/8        EV: 14    Int: 15    God:
Gold:   103        SH:  0    Dex: 14    Spells: 2 memorised, 5 levels left

rFire  . . .     SeeInvis .       - Unarmed
rCold  . . .     Gourm    .     (no shield)
rNeg   . . .     Faith    .     (helmet restricted)
rPois  .         Spirit   .     (no amulet)
rElec  .         Reflect  .     n - -2 ring of strength (curse)
rCorr  .         Harm     .     (no ring)
MR     .....                    (no ring)
Stlth  +++.......               (no ring)
                                (no ring)
                                (no ring)
                                (no ring)
                                (no ring)

@: lethally poisoned (-1 -> -9), very slightly contaminated, drained
A: almost no armour, stealthy swim, amphibious, 8 rings, constrict 8, camouflage
1, gelatinous body 1
a: no special abilities


You were on level 3 of the Dungeon.
You were not hungry.

You visited 1 branch of the dungeon, and saw 3 of its levels.

You collected 103 gold pieces.

Inventory:

Missiles
 a - 8 arrows
Jewellery
 n - a cursed -2 ring of strength (left tentacle)
Wands
 s - a wand of heal wounds (3/9)
Scrolls
 l - a scroll of amnesia {unknown}
 m - a scroll of random uselessness {unknown}
 q - a scroll of teleportation {unknown}
 r - a scroll of enchant armour {unknown}
 t - a scroll of recharging {unknown}
 u - a scroll of magic mapping {unknown}
 v - 2 scrolls of remove curse {unknown}
Potions
 d - 2 potions of brilliance {unknown}
 e - 2 potions of invisibility {unknown}
 f - a potion of haste {unknown}
 g - a potion of heal wounds {unknown}
 i - 2 potions of berserk rage {unknown}
 j - a potion of flight {unknown}
 k - a potion of mutation {unknown}
 o - a potion of magic {unknown}
 p - a potion of curing {unknown}
Books
 b - a book of Changes

   Spells                             Type                      Level
   a - Beastly Appendage              Transmutation                1
   b - Sticks to Snakes               Transmutation                2
   c - Spider Form                    Transmutation/Poison         3
   d - Ice Form                       Ice/Transmutation            4
   e - Blade Hands                    Transmutation                5
Comestibles
 c - 2 bread rations
 h - a meat ration


   Skills:
 + Level 2.0(1.7) Fighting
 + Level 2.9(2.6) Dodging
 + Level 3.0(2.7) Stealth
 + Level 3.8(3.5) Unarmed Combat
 - Level 2.0(1.7) Spellcasting
 * Level 3.4(3.1) Transmutations


You had 5 spell levels left.
You knew the following spells:

 Your Spells              Type           Power        Failure   Level  Hunger
a - Beastly Appendage     Tmut           ##....       8%          1    ##.....
z - Sticks to Snakes      Tmut           ##......     12%         2    ###....


Dungeon Overview and Level Annotations

Branches:
Dungeon (3/15)

Altars:
Fedhas
Gozag
Nemelex Xobeh
Yredelemnul

Annotations:
D:3 Crazy Yiuf


Innate Abilities, Weirdness & Mutations

You cannot wear most types of armour.
You are very stealthy in the water. (Stealth+)
You are amphibious.
You can wear up to eight rings at the same time.
You can use your tentacles to constrict eight enemies at once.
Your skin changes colour to match your surroundings (Stealth+).
Your rubbery body absorbs attacks. (AC +1, EV +1)


Message History

You smell something strange.
You constrict Crazy Yiuf, but do no damage.
You feel sick. Crazy Yiuf misses you.
Casting: Sticks to Snakes
Confirm with . or Enter, or press ? or * to list all spells.
You create a snake!
You now have 8 arrows.
You constrict Crazy Yiuf.
You feel sick. Crazy Yiuf misses you.
You tentacle-slap Crazy Yiuf.
Crazy Yiuf is heavily wounded.
You constrict Crazy Yiuf.
You feel sick.
Crazy Yiuf hits you with a quarterstaff of chaos!
You feel drained.
Your ball python bites Crazy Yiuf.
You tentacle-slap Crazy Yiuf. You squeeze Crazy Yiuf.
Crazy Yiuf is almost dead.
You constrict Crazy Yiuf.
You feel sick.
Your ball python bites Crazy Yiuf but does no damage.
Crazy Yiuf hits you with a quarterstaff of chaos!
* * * LOW HITPOINT WARNING * * *
Crazy Yiuf burns you.
You die...

## ..
..
#####
#.gS#
#.@.#
#...#
##'##
♣♣.♣
♣.♣♣ .#
♣♣.♣
#.#
♣.♣♣
#.### #
♣♣.♣♣
....#.#
♣...♣♣


You could see Crazy Yiuf and a friendly ball python.

Vanquished Creatures
  2 orc priests (D:3)
  3 gnolls (D:3)
  3 adders
  2 oozes
  2 worms
  2 dart slugs
  2 leopard geckos (D:2)
  4 orcs (D:3)
  2 ball pythons
  3 goblins
  3 hobgoblins
  4 kobolds
  3 quokkas
  7 bats
  3 frilled lizards
  4 rats
49 creatures vanquished.

Notes
Turn   | Place    | Note
-------+----------+-------------------------------------------
     0 | D:1      | Krapule the Octopode Transmuter began the quest for the Orb.
     0 | D:1      | Reached XP level 1. HP: 13/13 MP: 3/3
   292 | D:1      | Reached XP level 2. HP: 18/18 MP: 5/5
   778 | D:2      | Reached XP level 3. HP: 11/23 MP: 6/6
   944 | D:2      | Found a basalt altar of Yredelemnul.
  1358 | D:2      | Learned a level 2 spell: Sticks to Snakes
  1386 | D:2      | Found a sparkling altar of Nemelex Xobeh.
  1410 | D:2      | Found a faded altar of an unknown god.
  1410 | D:2      | Found a faded altar of an unknown god.
  1415 | D:2      | Found a faded altar of an unknown god.
  1417 | D:2      | Found an opulent altar of Gozag.
  1419 | D:2      | Found a faded altar of an unknown god.
  1733 | D:3      | Found a blossoming altar of Fedhas.
  1738 | D:3      | Reached skill level 1 in Stealth
  1738 | D:3      | Reached XP level 4. HP: 24/28 MP: 7/7
  2198 | D:3      | Reached XP level 5. HP: 23/34 MP: 5/8
  3019 | D:3      | Found a runed door.
  3023 | D:3      | Noticed Crazy Yiuf
  3033 | D:3      | Slain by Crazy Yiuf

Skill      XL: |  1  2  3  4  5 |
---------------+----------------+-----
Transmutations | 3 |  3.4
Stealth        | 1 2 3 |  3.0
Fighting       | 2 |  2.0
Dodging        | |  2.9
Unarmed Combat | |  3.8
Spellcasting   | |  2.0

Action                   |  1- 3 |  4- 6 || total
-------------------------+-------+-------++-------
Melee: Unarmed           |    85 |    74 ||   159
       Constrict         |    21 |    20 ||    41
       Tentacles         |     5 |    13 ||    18
       Kick              |       |     6 ||     6
       Punch             |       |     2 ||     2
 Cast: Beastly Appendage |     1 |     4 ||     5
       Sticks to Snakes  |       |     4 ||     4
 Stab: Sleeping          |     4 |     4 ||     8
  Eat: Chunk             |     3 |     4 ||     7
Armor: Skin              |    20 |     7 ||    27
Dodge: Dodged            |    68 |    38 ||   106
